 Dungeon Crawl Stone Soup version 0.19-b1-3-g7dea586 (webtiles) character file.

327077 vale the Warrior (level 21, -3/184 HPs)
             Began as a Mummy Wanderer on Oct 29, 2016.
             Was the Champion of Okawaru.
             Slain by a deep elf blademaster
             ... wielding a +0 rapier
              (11 damage)
             ... on level 2 of the Elven Halls.
             The game lasted 02:53:56 (64975 turns).

vale the Warrior (Mummy Wanderer)                  Turns: 64975, Time: 02:53:56

Health: -3/184     AC: 28    Str: 26    XL:     21   Next: 10%
Magic:  24/24      EV: 15    Int: 13    God:    Okawaru [******]
Gold:   1526       SH:  0    Dex: 21    Spells: 4 memorised, 15 levels left

rFire  . . .     SeeInvis +     a - +11 lajatang "Caecsa" {elec, *Drain rElec Str+3 Dex+6}
rCold  + + .     Gourm    .     g - +0 gold dragon scales
rNeg   + + +     Faith    .     (shield currently unavailable)
rPois  ∞         Spirit   .     b - +0 mask of the Dragon {MR+ Slay+3 SInv}
rElec  +         Reflect  .     k - +2 cloak "Hyoghux" {rN+}
rCorr  .         Harm     .     B - +1 pair of gloves {Dex+3}
MR     +++++                    U - +0 pair of boots
Stlth  ..........               Q - amulet of regeneration
                                t - +3 ring of evasion
                                o - ring "Fiukkoc" {+Fly MR+++}

@: no status effects
A: no food or potions, fire vulnerability, cold resistance 1, negative energy
resistance 3, torment resistance, unbreathing, in touch with death 1
a: Heroism, Finesse, Renounce Religion, Evoke Flight
}: 1/15 runes: decaying


You were on level 2 of the Elven Halls.
You worshipped Okawaru.
Okawaru was exalted by your worship.
You were not hungry.

You visited 8 branches of the dungeon, and saw 39 of its levels.
You also visited: Labyrinth and Desolation.

You collected 4158 gold pieces.
You spent 2632 gold pieces at shops.

Inventory:

Hand Weapons
 a - the +11 lajatang "Caecsa" (weapon) {elec, *Drain rElec Str+3 Dex+6}
   (You bought it in a shop on level 2 of the Orcish Mines)

   Occasionally, upon striking a foe, it will discharge some electrical energy
   and cause terrible harm.
   It affects your strength (+3).
   It affects your dexterity (+6).
   It insulates you from electricity.
   It causes draining when unequipped.
Missiles
 f - 1187 stones
 j - 2 throwing nets
 m - 2 steel javelins (quivered)
 u - 5 tomahawks of returning
 D - 5 silver javelins
Armour
 b - the +0 mask of the Dragon (worn) {MR+ Slay+3 SInv}
   (You bought it in a shop on level 2 of the Orcish Mines)

   It affects your accuracy and damage with ranged weapons and melee attacks
   (+3).
   It affects your resistance to hostile enchantments.
   It lets you see invisible.
 g - +0 gold dragon scales (worn)
 k - the +2 cloak "Hyoghux" (worn) {rN+}
   (You found it on level 1 of the Lair of Beasts)

   It protects you from negative energy.
 B - a +1 pair of gloves of dexterity (worn)
 U - a +0 pair of boots (worn)
Jewellery
 o - the ring "Fiukkoc" (left hand) {+Fly MR+++}
   (You bought it in a shop on level 2 of the Orcish Mines)

   [ring of flight]

   It affects your resistance to hostile enchantments.
   It lets you fly.
 t - a +3 ring of evasion (right hand)
 F - the amulet of Tissikol {Inacc +Fly rElec Int+4}
   (You found it in the Desolation of Salt)

   [amulet of inaccuracy]

   It reduces the accuracy of all your attacks.
   It affects your intelligence (+4).
   It insulates you from electricity.
   It lets you fly.
 K - the ring of Demons {rF++ MR+ AC-3 Str+3 Int-2}
   (You found it on level 1 of the Swamp)

   [ring of protection]

   It affects your AC (-3).
   It affects your strength (+3).
   It affects your intelligence (-2).
   It greatly protects you from fire.
   It affects your resistance to hostile enchantments.
 Q - an amulet of regeneration (around neck)
Wands
 c - a wand of confusion (25/48)
 e - a wand of confusion (30/48)
 i - a wand of acid (9/15)
 n - a wand of slowing (12/48)
 v - a wand of confusion (22/48)
 w - a wand of polymorph (13/24)
 x - a wand of acid (10/15)
 z - a wand of paralysis (10/24)
 E - a wand of digging (8/24)
Scrolls
 h - 2 scrolls of silence
 l - 3 scrolls of magic mapping
 q - 12 scrolls of recharging
 r - a scroll of summoning
 s - 11 scrolls of remove curse
 y - a scroll of brand weapon
 I - 3 scrolls of blinking
 M - a scroll of fear
 O - 11 scrolls of identify
 R - 4 scrolls of fog
Miscellaneous
 d - a phial of floods
 A - a phantom mirror
 L - a lamp of fire


   Skills:
 - Level 20.7 Fighting
   Level 2.2(6.3) Axes
   Level 9.4(12.7) Maces & Flails
 - Level 13.6(14.6) Staves
 + Level 11.4 Throwing
 - Level 16.0 Armour
 - Level 9.7 Dodging
 - Level 1.0 Stealth
 - Level 4.9 Invocations


You had 15 spell levels left.
You knew the following spells:

 Your Spells              Type           Power        Failure   Level  Hunger
a - Blink                 Tloc           N/A          100%        2    N/A
b - Apportation           Tloc           #.........   100%        1    N/A
c - Summon Small Mammal   Summ           #...         100%        1    N/A
n - Animate Skeleton      Necr           N/A          100%        1    N/A

Dungeon Overview and Level Annotations

Branches:
Dungeon (15/15)            Temple (1/1) D:5            Lair (6/6) D:11
  Swamp (4/4) Lair:4        Snake (4/4) Lair:2        Slime (0/5) Lair:5
    Orc (2/2) D:10            Elf (3/3) Orc:2        Vaults (4/5) D:13
  Crypt (0/3) Vaults:2     Depths (0/5) D:15

Altars:
Ashenzari
Cheibriados
Dithmenos
Elyvilon
Fedhas
Gozag
Hepliaklqana
Kikubaaqudgha
Nemelex Xobeh
Okawaru
Qazlal
Ru
Sif Muna
Trog
Uskayaw
Vehumet
Xom
Yredelemnul
Zin
The Shining One
Jiyva

Shops:
D:6 [   D:8 *   D:11 %   D:14 (   Orc:2 =([[*   Elf:2 %   Elf:3 *   Snake:1 =
Vaults:1 !(:}   Vaults:3 [

Portals:
Trove: D:11 (give +5 demon whip)

Annotations:
D:1 exclusion: dart slug
D:2 1 runed door
D:3 Grinder
D:9 Maurice
Lair:4 exclusion: oklob plant
Swamp:3 exclusion: Roxanne, Roxanne
Elf:2 3 runed doors, Louise


Innate Abilities, Weirdness & Mutations

You do not eat or drink.
Your flesh is vulnerable to fire.
You are immune to poison.
Your flesh is cold resistant. (rC+)
You are immune to negative energy. (rN+++)
You are immune to unholy pain and torment.
You can survive without breathing.
You are in touch with the powers of death.


Message History

Your deep elf mage points at the war axe of flaming and mumbles some strange words.
The bolt of fire hits the war axe of flaming.
The war axe of flaming resists.
Your deep elf mage closely misses the hand axe of electrocution.
Your deep elf archer blinks!
Your deep elf knight hits the war axe of electrocution but does no damage.
Your deep elf mage closely misses the deep elf mage.
A deep elf mage comes into view. It is wielding a long sword.
The deep elf mage shouts!
The war axe of electrocution misses your deep elf knight.
The war axe of electrocution closely misses your deep elf archer.
The hand axe of electrocution hits your deep elf archer!!
There is a sudden explosion of sparks!
Your deep elf archer dies!
Your deep elf archer's corpse dissolves into shadows!
The hand axe of electrocution hits your deep elf mage.
Your deep elf mage dies!
Your deep elf mage's corpse dissolves into shadows!
The deep elf blademaster hits you with a rapier!
You die...

e....... ##........e........###
(e..(... ..#.........e.........#.
.(..................Y............
..................e.(4...........
.................§((#.#.......(..
.§................(#####......4..
................(e.# #.........
..................e## ##...§.....
................@.(.# #..........
...(...........^.e..(.....e......
...........................e.....
...........#...................#.
.(........ ##.................###
.........# ##...............##
.......... e................
.......... ...................
..........


You could see a deep elf blademaster, a deep elf knight, 2 deep elf magi, an ice
beast, 7 dancing weapons, a friendly deep elf knight and a friendly deep elf
mage.

Vanquished Creatures
  Saint Roka (Snake:3)
  Asterion (Elf:1)
  A titan (Vaults:3)
  A sphinx (Vaults:4)
  Gastronok (D:12)
  2 thorn hunters
  A shadow dragon (Vaults:4)
  A tengu reaver (Vaults:4)
  2 storm dragons
  Donald (Elf:3)
  3 fire giants (Vaults:4)
  8 deep elf sorcerers
  3 frost giants
  4 imperial myrmidons (Desolation)
  10 vault wardens
  Aizul (Swamp:4)
  An orc warlord (Orc:2)
  3 very ugly things (Vaults:2)
  12 ironheart preservers
  9 stone giants
  2 entropy weavers (Vaults:4)
  3 deep elf demonologists
  2 green draconians
  5 deep elf annihilators (Elf:3)
  2 halazid warlocks (Desolation)
  2 deep elf death magi (Elf:3)
  A crystal guardian (Desolation)
  An ettin (Vaults:3)
  A minotaur (shapeshifter) (Elf:3)
  A minotaur (Lab)
  The ghost of crawlcharacter the Executioner, a journeyman MiBe of Trog (D:12)
  Josephine (D:12)
  5 vault guards
  2 fire dragons
  3 great orbs of eyes
  8 yaktaur captains
  The ghost of Inchmeat the Geomancer, a journeyman DECj of Sif Muna (Swamp:1)
  A deep elf high priest (Elf:3)
  8 ragged hierophants (Desolation)
  2 rakshasas
  A hydra (shapeshifter) (Vaults:4)
  13 hydras
  6 servants of whispers (Desolation)
  An ice dragon (Vaults:1)
  3 peacekeepers (Desolation)
  11 naga warriors
  2 ghost crabs (Swamp:3)
  A merfolk avatar (Swamp:3)
  10 centaur warriors
  4 death knights
  7 anacondas
  7 alligators
  11 dancing weapons
  13 ogre magi
  4 death yaks
  2 tengu warriors (D:14)
  2 deep troll shamans (Vaults:3)
  2 shock serpents (Snake:2)
  2 deep troll earth magi (Vaults:1)
  An orc high priest (Orc:2)
  16 deep elf knights
  A fire crab (shapeshifter) (D:14)
  5 shadow wraiths
  2 salamander mystics (Snake:2)
  An iron troll (shapeshifter) (Vaults:2)
  An unseen horror (shapeshifter) (D:13)
  4 wizards
  2 spriggan druids
  2 skeletal warriors
  22 ironbrand convokers
  10 deep trolls
  2 unseen horrors
  A glowing orange brain (Vaults:1)
  A lindwurm (shapeshifter) (Vaults:2)
  4 naga ritualists
  A wolf spider zombie (D:13)
  A flayed ghost (Vaults:3)
  8 deep elf archers
  3 phantasmal warriors
  12 swamp dragons
  3 hill giants
  14 orc knights
  10 harpies
  6 mana vipers
  An orb spider (shapeshifter) (Vaults:4)
  38 deep elf magi
  9 wolf spiders
  A necromancer (Vaults:4)
  6 salamanders
  2 orc sorcerers (Orc:2)
  31 ugly things
  5 cyclopes
  A manticore (D:14)
  24 black mambas
  4 guardian serpents
  Joseph (D:7)
  3 molten gargoyles (Desolation)
  14 vault sentinels
  14 elephants
  Psyche (D:10)
  7 naga magi
  18 spiny frogs
  2 rime drakes (Lair:5)
  A kobold demonologist (D:12)
  6 komodo dragons
  7 freezing wraiths
  40 yaktaurs
  A jumping spider (Vaults:4)
  10 trolls
  3 meliai (Lair:5)
  A queen bee (Lair:5)
  12 hornets
  A queen bee (shapeshifter) (Vaults:4)
  A jumping spider (shapeshifter) (D:13)
  39 saltlings (Desolation)
  23 two-headed ogres
  8 polar bears
  16 slime creatures
  4 bog bodies
  A dream sheep (shapeshifter) (D:13)
  3 blink frogs (Lair:1)
  8 tyrant leeches
  5 hippogriffs
  2 shadows
  4 wyverns
  3 redbacks
  17 spriggans
  A tarantella (shapeshifter) (Vaults:2)
  6 wraiths
  50 yaks
  A vampire (D:11)
  Grum (Lair:1)
  2 hogs (shapeshifter)
  3 fire elementals
  4 hungry ghosts
  A human simulacrum (Vaults:1)
  A basilisk (Lair:6)
  A mottled dragon (D:11)
  12 vampire mosquitoes
  20 swamp worms
  33 nagas
  8 wargs
  13 insubstantial wisps
  3 soldier ants
  11 water moccasins
  2 hell hounds (D:11)
  7 porcupines
  18 swamp drakes
  2 ice beasts
  A black bear (shapeshifter) (Vaults:2)
  52 orc warriors
  6 sky beasts
  7 black bears
  An eye of draining (D:12)
  An ogre (shapeshifter) (Vaults:2)
  A necrophage (D:9)
  34 wolves
  50 ogres
  9 boggarts
  15 centaurs
  4 phantoms
  14 crocodiles
  3 big kobolds
  Blork the orc (D:4)
  14 bullfrogs
  An earth elemental (Elf:2)
  A gnoll sergeant (D:11)
  A hornet simulacrum (D:12)
  4 scorpions
  2 wyvern skeletons
  35 killer bees
  4 troll zombies (D:10)
  22 wights
  4 howler monkeys
  3 electric eels
  4 centaur zombies
  2 crimson imps
  2 jellies
  9 hounds
  A quasit (D:5)
  5 bullfrog skeletons
  19 orc priests
  2 bullfrog zombies
  A human zombie (D:7)
  5 centaur skeletons
  4 iguanas
  Ijyb (D:3)
  29 orc wizards
  Terence (D:2)
  15 worker ants
  A killer bee zombie (D:9)
  3 ogre zombies (D:10)
  A hound zombie (D:13)
  A hound skeleton (D:11)
  A mummy (D:7)
  A worker ant zombie (D:7)
  8 gnolls
  13 adders
  3 shadow imps
  An ooze (D:2)
  3 adder skeletons
  A worm (D:2)
  3 dart slugs
  7 leopard geckos
  109 orcs
  11 bats
  8 giant cockroaches
  9 goblins
  5 hobgoblins
  8 jackals
  14 quokkas
  2 ball pythons
  4 frilled lizards
  A goblin zombie (D:10)
  4 hobgoblin skeletons (D:10)
  2 hobgoblin zombies (D:10)
  22 kobolds
  2 orc skeletons (D:10)
  16 orc zombies (D:10)
  A quokka zombie (D:6)
  9 rats
  A spectral orc (D:2)
  A butterfly (Lair:5)
1617 creatures vanquished.

Vanquished Creatures (collateral kills)
  the Lernaean hydra (Swamp:4)
  A vault warden (Vaults:1)
  3 hydras (Swamp:4)
  A spriggan (Lair:6)
  A swamp dragon (Swamp:4)
  A hornet (Lair:6)
  A swamp worm (Swamp:4)
9 creatures vanquished.

Vanquished Creatures (others)
  Nikola (Elf:1)
  A saltling (Desolation)
  12 fungi
  A pillar of salt (Vaults:3)
  3 plants (Lair:5)
18 creatures vanquished.

Grand Total: 1644 creatures vanquished

Notes
Turn   | Place    | Note
-------+----------+-------------------------------------------
     0 | D:1      | vale the Mummy Wanderer began the quest for the Orb.
     0 | D:1      | vale set off with: a +2 hand axe, a +0 shortbow, 28 arrows, a scroll of teleportation, a +0 robe
     0 | D:1      | Reached XP level 1. HP: 21/21 MP: 1/1
    73 | D:1      | haha
   490 | D:1      | Reached XP level 2. HP: 19/27 MP: 2/2
  1323 | D:1      | Reached XP level 3. HP: 24/33 MP: 3/3
  1733 | D:2      | Noticed a dagger
  1734 | D:2      | Noticed a hand axe
  1737 | D:2      | Found a hide-covered altar of Uskayaw.
  1829 | D:2      | Noticed Terence
  2047 | D:2      | Found a runed door.
  2273 | D:2      | Reached skill level 1 in Maces & Flails
  2360 | D:2      | Found a basalt altar of Yredelemnul.
  2361 | D:2      | Reached XP level 4. HP: 40/40 MP: 4/4
  2616 | D:3      | Found an iron altar of Okawaru.
  2665 | D:3      | Noticed Grinder
  2689 | D:3      | Paralysed by Grinder for 2 turns
  3799 | D:3      | Found a shadowy altar of Dithmenos.
  3897 | D:3      | Became a worshipper of Warmaster Okawaru
  4057 | D:3      | Reached XP level 5. HP: 36/46 MP: 5/5
  4222 | D:3      | Noticed Ijyb
  4720 | D:4      | Learned a level 1 spell: Animate Skeleton
  4722 | D:4      | Learned a level 1 spell: Apportation
  4724 | D:4      | Learned a level 1 spell: Summon Small Mammal
  4745 | D:4      | Noticed an ogre
  4943 | D:3      | Paralysed by Grinder for 4 turns
  4968 | D:3      | Paralysed by Grinder for 4 turns
  4979 | D:3      | Paralysed by Grinder for 7 turns
  5289 | D:2      | Killed Terence
  5806 | D:4      | Noticed Blork the orc
  5853 | D:3      | Killed Ijyb
  5853 | D:3      | Reached XP level 6. HP: 48/52 MP: 6/6
  5961 | D:4      | Found a stormy altar of Qazlal.
  6316 | D:4      | Killed Blork the orc
  6316 | D:4      | Reached * piety under Okawaru
  6743 | D:4      | Reached skill level 5 in Maces & Flails
  6797 | D:4      | Found a deep blue altar of Sif Muna.
  6914 | D:4      | Reached skill level 1 in Armour
  6947 | D:4      | Reached XP level 7. HP: 51/57 MP: 7/7
  7238 | D:5      | Entered Level 5 of the Dungeon
  7278 | D:5      | Found a blossoming altar of Fedhas.
  8016 | D:5      | Found a staircase to the Ecumenical Temple.
  8024 | Temple   | Entered the Ecumenical Temple
  8702 | D:5      | Reached XP level 8. HP: 52/64 MP: 8/8
  9282 | D:6      | Reached ** piety under Okawaru
 11026 | D:6      | Found Utennoaps's Armour Emporium.
 11644 | D:6      | Reached XP level 9. HP: 62/69 MP: 6/9
 12012 | D:7      | Noticed a hill giant
 12015 | D:7      | are you kidding
 12912 | D:7      | Reached *** piety under Okawaru
 13062 | D:7      | Noticed Joseph
 13234 | D:6      | Reached skill level 6 in Fighting
 13440 | D:7      | Killed Joseph
 13440 | D:7      | Reached skill level 7 in Fighting
 13883 | D:7      | You fall through a shaft for 2 floors!
 13924 | D:9      | Reached skill level 5 in Armour
 14189 | D:8      | Found Lidiemn's Luxury Loot.
 14211 | D:8      | Reached **** piety under Okawaru
 14211 | D:8      | Reached XP level 10. HP: 75/80 MP: 10/10
 14221 | D:8      | Bought a +0 lajatang for 210 gold pieces
 14303 | D:8      | Found an opulent altar of Gozag.
 14378 | D:8      | Reached skill level 1 in Staves
 14441 | D:8      | Found a radiant altar of Vehumet.
 14534 | D:8      | Found a hazy altar of Hepliaklqana.
 15480 | D:9      | Learned a level 2 spell: Blink
 16101 | D:9      | Noticed Maurice
 16278 | D:10     | Entered Level 10 of the Dungeon
 16449 | D:10     | Killed an unseen horror
 16449 | D:10     | Reached ***** piety under Okawaru
 16449 | D:10     | Reached skill level 5 in Staves
 16599 | D:10     | Noticed a gargoyle
 16716 | D:8      | omg
 17380 | D:10     | Reached skill level 8 in Fighting
 17829 | D:10     | Found a staircase to the Orcish Mines.
 17908 | D:10     | Reached XP level 11. HP: 87/87 MP: 11/11
 17913 | D:10     | Noticed Psyche
 17929 | D:10     | Killed Psyche
 18263 | D:10     | Noticed a hill giant
 18282 | D:10     | Killed a hill giant
 18282 | D:10     | Reached skill level 9 in Fighting
 18914 | D:11     | Received a gift from Okawaru
 19416 | D:11     | Reached skill level 10 in Fighting
 19503 | D:11     | Found a staircase to the Lair.
 19540 | D:11     | Found Riyr's Food Emporium.
 20176 | D:11     | Noticed a hill giant
 20187 | D:11     | Killed a hill giant
 20187 | D:11     | Reached skill level 11 in Fighting
 20762 | D:11     | Found a portal to a secret trove of treasure.
 21298 | Lair:1   | Entered Level 1 of the Lair of Beasts
 21548 | Lair:1   | Reached skill level 12 in Fighting
 22004 | Lair:1   | Reached XP level 12. HP: 87/103 MP: 10/12
 22210 | Lair:1   | Reached skill level 13 in Fighting
 22511 | Lair:1   | Noticed Grum
 22522 | Lair:1   | Killed Grum
 22523 | Lair:1   | Received a gift from Okawaru
 22527 | Lair:1   | Noticed an eight-headed hydra
 22541 | Lair:1   | Killed an eight-headed hydra
 22745 | Lair:1   | Got a spiked cloak
 22756 | Lair:1   | Identified the +2 cloak "Hyoghux" {rN+} (You found it on level 1 of the Lair of Beasts)
 23402 | Lair:2   | Found a staircase to the Snake Pit.
 23727 | Lair:2   | Reached skill level 14 in Fighting
 24127 | Lair:2   | Received a gift from Okawaru
 24757 | Lair:3   | Found a labyrinth entrance.
 24766 | Lab      | Entered a labyrinth
 25336 | Lab      | Noticed a minotaur
 25346 | Lab      | Killed a minotaur
 25349 | Lab      | Got a faintly glowing ring mail
 25350 | Lab      | Got an iridescent spear {pierce}
 25460 | Lab      | Identified the cursed +0 ring mail of Free Expression {rElec rN+} (You took it off a minotaur in a labyrinth)
 25689 | Lair:3   | Noticed a seven-headed hydra
 25700 | Lair:3   | Killed a seven-headed hydra
 26089 | Lair:3   | Noticed a death yak
 26100 | Lair:3   | Noticed a death yak
 26100 | Lair:3   | Noticed a death yak
 26100 | Lair:3   | Noticed a death yak
 26127 | Lair:2   | Killed a death yak
 26332 | Lair:3   | Killed a death yak
 26344 | Lair:2   | Killed a death yak
 26559 | Lair:3   | Killed a death yak
 26559 | Lair:3   | Reached skill level 15 in Fighting
 26559 | Lair:3   | Gained mutation: You are in touch with the powers of death. [Mummy growth]
 26559 | Lair:3   | Reached XP level 13. HP: 83/115 MP: 13/13
 27589 | Lair:4   | Found a staircase to the Swamp.
 29383 | Lair:5   | Received a gift from Okawaru
 29639 | Lair:5   | Found a viscous altar of Jiyva.
 29640 | Lair:5   | Found a staircase to the Slime Pits.
 29919 | Lair:6   | Entered Level 6 of the Lair of Beasts
 31020 | Lair:6   | Received a gift from Okawaru
 31237 | Lair:6   | Reached XP level 14. HP: 119/123 MP: 14/14
 31713 | Lair:6   | Reached skill level 10 in Staves
 32242 | Orc:1    | Entered Level 1 of the Orcish Mines
 32331 | Orc:1    | Received a gift from Okawaru
 33270 | Orc:2    | Entered Level 2 of the Orcish Mines
 33285 | Orc:2    | Noticed an orc warlord
 33300 | Orc:1    | Reached skill level 10 in Armour
 33522 | Orc:2    | Found Ywiurako's Jewellery Boutique.
 33525 | Orc:2    | Found Hoaffuev's Antique Weapon Shop.
 33896 | Orc:2    | Killed an orc warlord
 33896 | Orc:2    | Reached skill level 1 in Invocations
 34095 | Orc:2    | Bought an ivory lajatang for 500 gold pieces
 34095 | Orc:2    | Identified the +11 lajatang "Caecsa" {elec, *Drain rElec Str+3 Dex+6} (You bought it in a shop on level 2 of the Orcish Mines)
 34096 | Orc:2    | dude
 34103 | Orc:2    | Found Tonwymut's Armour Shop.
 34111 | Orc:2    | Found a staircase to the Elven Halls.
 34264 | Orc:2    | Bought a +0 pair of boots for 76 gold pieces
 34300 | Orc:2    | Found Xorphusug's Antique Armour Shop.
 34398 | Orc:2    | Received a gift from Okawaru
 34403 | Orc:2    | Got a scorched crystal plate armour {god gift}
 35351 | Orc:2    | Found Ybeje's General Store.
 35551 | Orc:2    | Bought the +0 mask of the Dragon {MR+ Slay+3 SInv} for 567 gold pieces
 35574 | Orc:2    | Identified the +0 crystal plate armour "Resuboed" {Int+2} (Okawaru gifted it to you on level 2 of the Orcish Mines)
 35605 | Orc:2    | Bought the ring "Fiukkoc" {+Fly MR+++} for 428 gold pieces
 35907 | D:12     | Noticed Josephine
 35914 | D:12     | Killed Josephine
 36035 | D:12     | Noticed crawlcharacter's ghost (journeyman MiBe)
 36108 | D:12     | Killed crawlcharacter's ghost
 36327 | D:12     | Noticed Gastronok
 36339 | D:12     | Killed Gastronok
 36897 | D:13     | Found a gate to the Vaults.
 36905 | D:13     | Reached ****** piety under Okawaru
 37263 | D:13     | Received a gift from Okawaru
 37297 | D:13     | You fall through a shaft for 2 floors!
 37297 | D:15     | Entered Level 15 of the Dungeon
 37314 | D:15     | Reached XP level 15. HP: 112/129 MP: 18/18
 37377 | D:15     | Found a bloodstained altar of Trog.
 37461 | D:14     | Received a gift from Okawaru
 37532 | D:14     | Found Wampeoxzi's Weapon Shoppe.
 38919 | Swamp:1  | Entered Level 1 of the Swamp
 39585 | Swamp:1  | Noticed Inchmeat's ghost (journeyman DECj)
 39591 | Swamp:1  | Killed Inchmeat's ghost
 39854 | Swamp:1  | Got a warped amber ring
 40164 | Swamp:1  | Received a gift from Okawaru
 40169 | Swamp:1  | Identified the cursed ring of Demons {rF++ MR+ AC-3 Str+3 Int-2} (You found it on level 1 of the Swamp)
 40302 | Swamp:1  | Noticed a thorn hunter
 40315 | Swamp:1  | Killed a thorn hunter
 41248 | Swamp:1  | Reached skill level 5 in Dodging
 41954 | Swamp:2  | Noticed a thorn hunter
 41971 | Swamp:2  | Killed a thorn hunter
 41983 | Swamp:2  | Found a snail-covered altar of Cheibriados.
 42068 | Swamp:2  | You fall through a shaft!
 42839 | Swamp:3  | Received a gift from Okawaru
 42887 | Swamp:3  | Noticed Roxanne
 43538 | Swamp:3  | Reached XP level 16. HP: 136/136 MP: 19/19
 43927 | Swamp:4  | Entered Level 4 of the Swamp
 43927 | Swamp:4  | Noticed Aizul
 43937 | Swamp:4  | Killed Aizul
 44062 | Snake:1  | Entered Level 1 of the Snake Pit
 44127 | Snake:1  | Received a gift from Okawaru
 44337 | Snake:1  | Found Jeeck's Jewellery Shop.
 45918 | Snake:2  | Received a gift from Okawaru
 45921 | Snake:2  | Got a pair of scorched boots {god gift}
 45932 | Snake:2  | Identified the -2 pair of boots "Kuum" {rPois rC+} (Okawaru gifted it to you on level 2 of the Snake Pit)
 46937 | Snake:3  | Noticed Saint Roka
 46950 | Snake:3  | Killed Saint Roka
 47471 | Snake:4  | Entered Level 4 of the Snake Pit
 47949 | Swamp:4  | Received a gift from Okawaru
 47952 | Swamp:4  | Got a fine plate armour {god gift}
 47956 | Swamp:4  | Reached XP level 17. HP: 142/142 MP: 20/20
 47977 | Swamp:4  | Identified the +1 plate armour "Zextata" {Str+3 Dex+4} (Okawaru gifted it to you on level 4 of the Swamp)
 48317 | Swamp:4  | Noticed the 27-headed Lernaean hydra
 48622 | Swamp:4  | Killed the 27-headed Lernaean hydra
 48817 | Swamp:4  | Got a decaying rune of Zot
 49445 | Vaults:1 | Entered Level 1 of the Vaults
 50095 | Vaults:1 | Found Epnam Saiho's Gadget Emporium.
 50130 | Vaults:1 | Received a gift from Okawaru
 50357 | Vaults:1 | Found Noesoruu's Distillery.
 50688 | Vaults:1 | Found Qeduch's Weapon Shop.
 50844 | Vaults:1 | Found Suden's Book Emporium.
 51227 | Vaults:2 | Reached skill level 15 in Armour
 52440 | Vaults:2 | Reached XP level 18. HP: 141/149 MP: 21/21
 52584 | Vaults:2 | Received a gift from Okawaru
 53283 | Vaults:2 | Found a staircase to the Crypt.
 53283 | Vaults:2 | Found a basalt altar of Yredelemnul.
 53284 | Vaults:2 | Found an ancient bone altar of Kikubaaqudgha.
 53508 | Vaults:2 | Reached skill level 16 in Fighting
 54421 | Vaults:3 | Found a ruined gateway.
 54430 | Desolati | Entered the Desolation of Salt
 54843 | Desolati | Got a pair of bloodstained gloves
 54854 | Desolati | Identified the +0 pair of gloves of Miracles {+Fly} (You found it in the Desolation of Salt)
 54854 | Desolati | Identified Tiugaj's Reference Book on Aid and Toxins
 54904 | Desolati | Reached skill level 17 in Fighting
 55087 | Desolati | Received a gift from Okawaru
 55265 | Desolati | Identified the Incunabulum of Unstable Good Luck
 55273 | Desolati | Got a coiled graven amulet
 55274 | Desolati | Identified the amulet of Tissikol {Inacc +Fly rElec Int+4} (You found it in the Desolation of Salt)
 55459 | Desolati | Identified the Handbook of Attacks
 55735 | Desolati | Reached skill level 18 in Fighting
 55736 | Desolati | Reached XP level 19. HP: 144/163 MP: 19/22
 56232 | Vaults:3 | sloppy
 56664 | Vaults:3 | Reached skill level 19 in Fighting
 57067 | Vaults:3 | Received a gift from Okawaru
 57469 | Vaults:3 | Reached skill level 20 in Fighting
 57790 | Vaults:3 | Received a gift from Okawaru
 58011 | Vaults:3 | Found Sudass's Antique Armour Boutique.
 58118 | Vaults:3 | Bought an embroidered cloak for 283 gold pieces
 58626 | Vaults:4 | Reached XP level 20. HP: 172/178 MP: 23/23
 59723 | Vaults:4 | Received a gift from Okawaru
 59740 | Vaults:4 | Reached skill level 5 in Throwing
 60124 | Vaults:3 | bad
 61482 | Elf:1    | Entered Level 1 of the Elven Halls
 61590 | Elf:1    | Noticed Nikola
 61629 | Elf:1    | Killed Nikola
 61981 | Elf:1    | Identified the Grimoire of Creation
 62514 | Elf:1    | Noticed Asterion
 62526 | Elf:1    | Killed Asterion
 63285 | Elf:2    | Received a gift from Okawaru
 63349 | Elf:2    | Found Has Adyo's Food Boutique.
 63404 | Elf:2    | Found a runed gate.
 63404 | Elf:2    | Found a runed gate.
 63405 | Elf:2    | Found a runed gate.
 63443 | Elf:3    | Entered Level 3 of the Elven Halls
 63482 | Elf:3    | Reached skill level 10 in Throwing
 63551 | Elf:3    | Noticed Donald
 63570 | Elf:3    | Killed Donald
 63583 | Elf:3    | Found Enluel's General Store.
 63589 | Elf:3    | Bought a scroll of blinking for 127 gold pieces
 63723 | Elf:3    | Bought a scroll of summoning for 161 gold pieces
 63723 | Elf:3    | Bought a +1 pair of gloves of dexterity for 280 gold pieces
 64488 | Elf:3    | Reached XP level 21. HP: 151/184 MP: 17/24
 64627 | Elf:3    | Received a gift from Okawaru
 64945 | Elf:2    | Noticed Louise
 64951 | Elf:2    | shit!
 64964 | Elf:2    | this is bullshit
 64972 | Elf:2    | HP: 6/184 [halberd of protection (11)]
 64975 | Elf:2    | Slain by a deep elf blademaster

Skill      XL: |  1  2  3  4  5  6  7  8  9 10 11 12 13 14 15 16 17 18 19 20 21 |
---------------+----------------------------------------------------------------+-----
Axes           | 2 |  2.2
Maces & Flails | 1 2 3 5 8 9 |  9.4
Armour         | 1 4 5 6 7 9 10 12 15 16 | 16.0
Fighting       | 7 8 12 15 18 20 | 20.7
Staves         | 6 9 12 13 | 13.6
Dodging        | 2 7 9 |  9.7
Invocations    | 4 |  4.9
Throwing       | 10 11 | 11.4
Stealth        | |  1.0

Action                   |  1- 3 |  4- 6 |  7- 9 | 10-12 | 13-15 | 16-18 | 19-21 || total
-------------------------+-------+-------+-------+-------+-------+-------+-------++-------
Melee: Hand axe          |    85 |    34 |       |       |       |       |       ||   119
       Mace              |       |   208 |   369 |       |       |       |       ||   577
       Dagger            |       |    10 |       |       |       |       |       ||    10
       Punch             |       |       |     2 |       |       |       |       ||     2
       Morningstar       |       |       |    61 |       |       |       |       ||    61
       Dire flail        |       |       |   164 |     8 |    13 |       |       ||   185
       Lajatang          |       |       |       |   740 |  1288 |  1321 |  1075 ||  4424
       Quarterstaff      |       |       |       |       |    11 |       |       ||    11
 Fire: Hunting sling     |    44 |    56 |    26 |       |       |       |       ||   126
       Shortbow          |       |       |       |   176 |   152 |       |       ||   328
Throw: Stone             |    46 |    16 |     8 |     4 |     3 |     3 |     1 ||    81
       Tomahawk          |       |       |       |       |       |       |    24 ||    24
       Javelin           |       |       |       |       |       |       |    10 ||    10
Invok: Heroism           |       |       |     9 |    10 |    27 |    23 |    14 ||    83
       Finesse           |       |       |       |       |       |     1 |     2 ||     3
Evoke: Wand              |       |       |       |     6 |    12 |     3 |       ||    21
       Box of beasts     |       |       |       |       |     1 |     6 |     1 ||     8
       Phial of floods   |       |       |       |       |       |     1 |     1 ||     2
       Phantom mirror    |       |       |       |       |       |     1 |       ||     1
       Lamp of fire      |       |       |       |       |       |       |     1 ||     1
  Use: Scroll            |       |    12 |     1 |    18 |    15 |     8 |    12 ||    66
 Stab: Paralysed         |       |       |       |     5 |       |       |       ||     5
Armor: Robe              |    22 |       |       |       |       |       |       ||    22
       Ring mail         |       |    52 |       |       |       |       |       ||    52
       Leather armour    |       |     4 |       |       |       |       |       ||     4
       Scale mail        |       |    49 |   244 |   204 |       |       |       ||   497
       Gold dragon scale |       |       |       |   285 |  1033 |   736 |   454 ||  2508
Dodge: Dodged            |    59 |   131 |   259 |   269 |   394 |   657 |   494 ||  2263
Block: Other             |       |       |       |       |     9 |    13 |       ||    22
